 Dungeon Crawl Stone Soup version 0.16-a0-296-gbdb9f68 (webtiles) character file.

408 Ololoev the Cudgeler (level 6, -7/52 HPs)
             Began as a Naga Gladiator on Aug 29, 2014.
             Mangled by an ogre
             ... wielding a +0 giant spiked club
              (12 damage)
             ... on Level 4 of the Dungeon.
             The game lasted 00:12:49 (4244 turns).

Ololoev the Cudgeler (Naga Gladiator)               Turns: 4244, Time: 00:12:50

HP  -7/52        AC  7     Str 18      XL: 6   Next: 88%
MP   8/8         EV 10     Int  9      God:
Gold 107         SH  0     Dex 10      Spells:  1 memorised,  4 levels left

rFire  . . .     SeeInvis +     w - +0 hammer
rCold  . . .     Clarity  .     b - +0 leather armour
rNeg   . . .     rCorr    .     (no shield)
rPois  +         rRot     .     c - +0 helmet
rElec  .         Spirit   .     d - +2 cloak
SustAb .         Warding  .     (no gloves)
rMut   .         Stasis   .     (no barding)
Gourm  .                        (no amulet)
MR     .....                    (no ring)
                                (no ring)

@: very slow, not resistant to hostile enchantments, very unstealthy
A: spit poison, see invisible, clumsy 1, deformed body, poison resistance,
slowness 2, slow healing 1, AC +2
a: Spit Poison


You were on level 4 of the Dungeon.
You were hungry.

You visited 1 branch of the dungeon, and saw 4 of its levels.

You collected 107 gold pieces.

Inventory:

Hand weapons
 w - a +0 hammer (weapon)
 B - the +4 spear "X" {flame, -Cast Dex+1 Int+2}
   (You found it on level 4 of the Dungeon)

   It emits flame when wielded, causing extra injury to most foes and up to
   double damage against particularly susceptible opponents.
   It affects your intelligence (+2).
   It affects your dexterity (+1).
   It prevents spellcasting.
Armour
 b - a +0 leather armour (worn)
 c - a +0 helmet (worn)
 d - a +2 cloak (worn)
Comestibles
 f - 2 bread rations
 h - 7 fruits
 p - 3 meat rations
 x - 3 chunks of orc flesh
Scrolls
 i - a scroll of teleportation {unknown}
 k - a scroll of remove curse
 m - 2 scrolls of enchant weapon {unknown}
 r - 3 scrolls of identify {unknown}
 s - a scroll of immolation {unknown}
 y - a scroll of recharging
Potions
 a - a potion of haste {unknown}
 e - a potion of flight {unknown}
 j - a potion of magic {unknown}
 n - a potion of berserk rage {unknown}
 o - a potion of poison {unknown}
 q - a potion of heal wounds
 t - a potion of might {unknown}
 u - a potion of agility {unknown}
 v - 2 potions of curing
 z - 2 potions of brilliance {unknown}
Books
 g - a book of Flames

   Spells                             Type                      Level
   Flame Tongue                       Conjuration/Fire             1
   Throw Flame                        Conjuration/Fire             2
   *Conjure Flame                     Conjuration/Fire             3
   Inner Flame                        Hexes/Fire                   3
   Sticky Flame                       Conjuration/Fire             4
   Fireball                           Conjuration/Fire             5


   Skills:
 - Level 2.0 Fighting
 * Level 6.6 Maces & Flails
 - Level 1.7 Throwing
 - Level 2.4 Dodging
 + Level 1.3 Spellcasting
 + Level 1.4 Conjurations
 + Level 1.8 Fire Magic


You had 4 spell levels left.
You knew the following spells:

 Your Spells              Type           Power        Failure   Level  Hunger
a - Conjure Flame         Conj/Fire      #.......     69%         3    ####...


Dungeon Overview and Level Annotations

Branches:
Dungeon (4/15)
 Temple: D:4-7

Altars:
Fedhas
Gozag
Kikubaaqudgha
Yredelemnul


Innate Abilities, Weirdness & Mutations

You cannot wear boots.
You can spit poison.
Your serpentine skin is tough (AC +2).
You have supernaturally acute eyesight.
Armour fits poorly on your strangely shaped body.
Your system is resistant to poisons.
You cover ground very slowly.
You are clumsy. (Dex -2)
You heal slowly when monsters are visible.


Message History

Press: ? - help, Shift-Dir - straight line, f/p - ogre
Aim: an ogre, wielding a giant spiked club (lightly wounded)
The splash of poison hits the ogre.
The ogre is moderately wounded.
You feel slightly more hungry.
A worker ant comes into view.
You hit the ogre.
The ogre is heavily wounded.
The ogre barely misses you.
You hit the ogre.
The ogre is heavily wounded.
The ogre hits you with a giant spiked club!
* * * LOW HITPOINT WARNING * * *
You thump the ogre!
The ogre is almost dead.
You have got your breath back.
You barely miss the ogre.
The ogre is almost dead.
The ogre hits you with a giant spiked club!
You die...

########## ##
........... >#
##...##.#### ##.#####<
..)..)..#...
###.(......# ##.#<#..#.#
######((.)# #.###....#
#...().#.### #...#....#
#..@O).....#
###.#...##.##....)...#.#
#........##.....##.#...
####.######.a...'..# ###
#.##.........##.# ##
#.#...>.....###.# .#
#)#.#...........# .#
#)._........#### .#
#.#.#.......#


You could see an ogre and a worker ant.

Vanquished Creatures
  A hound (D:4)
  Crazy Yiuf (D:2)
  2 worker ants (D:4)
  3 orc wizards (D:4)
  3 gnolls (D:2)
  6 adders
  A giant mite (D:3)
  2 worms
  4 giant geckos
  An ooze (D:3)
  15 orcs (D:4)
  12 hobgoblins
  A quokka (D:3)
  14 bats
  4 giant cockroaches
  A giant newt (D:2)
  9 goblins
  A hobgoblin skeleton (D:4)
  8 jackals
  8 kobolds
  A quokka zombie (D:4)
  3 rats (D:1)
  A fungus (D:2)
102 creatures vanquished.

Vanquished Creatures (others)
  A human (D:2)
1 creature vanquished.

Grand Total: 103 creatures vanquished

Notes
Turn   | Place    | Note
--------------------------------------------------------------
     0 | D:1      | Ololoev, the Naga Gladiator, began the quest for the Orb.
     0 | D:1      | Reached XP level 1. HP: 19/19 MP: 1/1
   100 | D:1      | Reached XP level 2. HP: 16/26 MP: 2/2
   680 | D:1      | Reached skill level 4 in Maces & Flails
   801 | D:1      | Reached XP level 3. HP: 30/32 MP: 3/3
  1367 | D:2      | Reached XP level 4. HP: 26/39 MP: 4/4
  1374 | D:2      | Reached skill level 5 in Maces & Flails
  1674 | D:2      | Found a blossoming altar of Fedhas.
  1934 | D:2      | Found an ancient bone altar of Kikubaaqudgha.
  1936 | D:2      | Noticed a human
  1937 | D:2      | Killed a human
  2606 | D:2      | Noticed Crazy Yiuf
  2635 | D:2      | Killed Crazy Yiuf
  2635 | D:2      | Reached XP level 5. HP: 32/45 MP: 5/5
  3040 | D:3      | Found a basalt altar of Yredelemnul.
  3207 | D:3      | Reached skill level 6 in Maces & Flails
  3223 | D:3      | Learned a level 3 spell: Conjure Flame
  3514 | D:4      | Got a bloodstained spear
  3515 | D:4      | Identified the +4 spear "X" {flame, -Cast Dex+1 Int+2} (You found it on level 4 of the Dungeon)
  3646 | D:4      | Reached XP level 6. HP: 47/52 MP: 6/6
  3751 | D:4      | Reached skill level 1 in Fire Magic
  3798 | D:4      | Gained mutation: You are clumsy. (Dex -2) [potion of mutation]
  3798 | D:4      | Gained mutation: You heal slowly when monsters are visible. [potion of mutation]
  3892 | D:4      | Reached skill level 1 in Spellcasting
  3892 | D:4      | Reached skill level 1 in Conjurations
  4044 | D:4      | Found an opulent altar of Gozag.
  4231 | D:4      | Noticed an ogre
  4244 | D:4      | Mangled by an ogre

Action                   |  1- 3 |  4- 6 || total
-------------------------+-------+-------++-------
Melee: Flail             |    59 |    73 ||   132
       Hammer            |       |   174 ||   174
Throw: Throwing net      |     1 |     4 ||     5
 Abil: Spit Poison       |    21 |    36 ||    57
  Use: Scroll            |       |     4 ||     4
       Potion            |       |     3 ||     3
  Eat: Chunk             |     2 |    10 ||    12
       Beef jerky        |       |     1 ||     1
